 Dungeon Crawl Stone Soup version 0.30-b1-2-g02819fbbbe (webtiles) character file.

Game seed: 7735985447681663819

113 sanka the Ducker (level 4, -1/33 HPs)
             Began as a Vampire Hedge Wizard on May 9, 2023.
             Was a Believer of Dithmenos.
             Slain by a scorpion (3 damage)
             ... on level 3 of the Dungeon.
             The game lasted 00:04:46 (2433 turns).

sanka the Ducker (Vampire Hedge Wizard)             Turns: 2433, Time: 00:04:46

Health: -1/33      AC:  6    Str:  9    XL:     4   Next: 65%
Magic:  8/8        EV: 13    Int: 16    God:    Dithmenos [**....]
Gold:   135        SH:  0    Dex: 18    Spells: 6/9 levels left

rFire   . . .        r - +2 hand axe (elec)
rCold   . . .        (no shield)
rNeg    . . .        b - +0 robe
rPois   .            g - +0 helmet
rElec   .            (no cloak)
rCorr   .            u - +2 pair of gloves {Dex+3}
SInv    +            (no boots)
Will    .....        (no amulet)
Stlth   +++          (no ring)
HPRegen 0.45/turn    (no ring)
MPRegen 0.11/turn

%: no passive effects
@: lethally poisoned (-1 -> -10), healing quickly, wreathed by umbra
A: alive, fangs 3, see invisible, vampiric 2
a: Exsanguinate, Renounce Religion, Shadow Step


You were on level 3 of the Dungeon.
You worshipped Dithmenos.
Dithmenos was pleased with you.
You visited 1 branch of the dungeon, and saw 3 of its levels.

You collected 135 gold pieces.

Inventory:

Hand Weapons
 a - a +0 dagger
 f - a +0 dagger of draining
 j - a +1 sling of flaming
 p - a +0 war axe
 q - a +1 short sword of venom
 r - a +2 hand axe of electrocution (weapon)
Armour
 b - a +0 robe (worn)
 g - a +0 helmet (worn)
 u - a +2 pair of gloves of dexterity (worn)
Wands
 s - a wand of charming (7)
Scrolls
 e - 4 scrolls of identify {unknown}
 h - 2 scrolls of immolation {unknown}
 l - 2 scrolls of teleportation {unknown}
 n - a scroll of magic mapping {unknown}
 o - a scroll of fog {unknown}
Potions
 c - a potion of heal wounds {unknown}
 d - a potion of magic
 i - a potion of berserk rage {unknown}
 k - a potion of resistance {unknown}
 m - a potion of degeneration {unknown}
 t - a potion of attraction {unknown}


   Skills:
 + Level 1.9 Fighting
 + Level 3.4 Dodging
 - Level 3.0 Stealth
 - Level 3.0 Spellcasting
 - Level 0.6 Conjurations
 - Level 3.0 Summonings
 - Level 0.7 Translocations


You had 6 spell levels left.
You knew the following spells:

 Your Spells              Type           Power      Damage    Failure   Level
a - Magic Dart            Conj           16%        1d3       14%         1
b - Call Imp              Summ           24%        N/A       9%          2

Your spell library contained the following spells:

 Spells                   Type           Power      Damage    Failure   Level
 Slow                     Hex            8%         N/A       19%         1
 Blink                    Tloc           8%         N/A       22%         2
 Cigotuvi's Dreadful Rot  Necr/Pois/Air  4%         N/A       28%         2
 Mephitic Cloud           Conj/Pois/Air  3%         N/A       45%         3
 Ignite Poison            Fire/Tmut/Pois 2%         N/A       50%         3
 Freezing Cloud           Conj/Ice/Air   1%         6-21      99%         5


Dungeon Overview and Level Annotations

Branches:
Dungeon (3/15)

Altars:
Dithmenos


Innate Abilities, Weirdness & Mutations

Your natural rate of healing is accelerated.
You have razor-sharp teeth.
You have supernaturally acute eyesight. (SInv)
You are afflicted with vampirism and can become a bat while bloodless.


Message History

You hit the adder.
You kill the adder!
Dithmenos accepts your kill. The scorpion barely misses you.
You slash the scorpion!
The scorpion is heavily wounded.
The scorpion stings you.
You hit the scorpion but do no damage. Lightning courses through the scorpion!
The scorpion is almost dead.
The scorpion stings you.
You are poisoned.
The scorpion poisons you! The scorpion stings you.
You are more poisoned.
The scorpion poisons you!
You hit the scorpion.
The scorpion is almost dead.
You feel very sick. The scorpion misses you.
Unknown command.
You closely miss the scorpion.
The scorpion is almost dead.
You feel very sick. The scorpion stings you.
You are lethally poisoned!
The scorpion poisons you!
The scorpion stings you but does no damage.
You hit the scorpion but do no damage.
You bite the scorpion, but do no damage.
The scorpion is almost dead.
* * * LOW HITPOINT WARNING * * *
You feel very sick. The scorpion closely misses you.
Unknown command.
You barely miss the scorpion.
The scorpion is almost dead.
* * * LOW HITPOINT WARNING * * *
You feel very sick.
The scorpion stings you but does no damage.
The scorpion stings you.
You die...

#.......# ###.###
#.......# #.#.# #.......#
#...########... #.....$.#
##...........# #.......#
#.####.###### #.......#
#.# #......# #.......#
##.## #.##.###
####....####...###.##.#..
#......s@†_.....)..#.#
#.....###...######.#.#
#....[# ##.## ###.#.#
#####.# #.# #.....# #.#
#.# #.....# #..
..#####.....# #..
..#.........# #..
..##.........#
#..#####.........#


You could see a scorpion.

Vanquished Creatures
  Ijyb (D:3)
  2 adders
  An ufetubus (D:3)
  A worm (D:2)
  4 dart slugs
  8 ball pythons
  2 bats (D:1)
  4 endoplasms
  4 giant cockroaches
  4 goblins
  4 hobgoblins
  2 jackals (D:1)
  2 quokkas
  2 frilled lizards
  4 kobolds
  3 rats
48 creatures vanquished.

Vanquished Creatures (collateral kills)
  An endoplasm (D:1)
  A hobgoblin (D:1)
  A ball python (D:1)
  A bat (D:1)
4 creatures vanquished.

Vanquished Creatures (others)
  2 fungi (D:1)
  13 plants (D:1)
15 creatures vanquished.

Grand Total: 67 creatures vanquished

Notes
Turn   | Place    | Note
-------+----------+-------------------------------------------
     0 | D:1      | sanka the Vampire Hedge Wizard began the quest for the Orb.
     0 | D:1      | Reached XP level 1. HP: 13/13 MP: 4/4
    51 | D:1      | Found a faded altar of an unknown god.
   219 | D:1      | Prayed at the altar of an unknown god.
   219 | D:1      | Became a worshipper of Dithmenos the Shadowed
   219 | D:1      | Reached * piety under Dithmenos
   333 | D:1      | Reached XP level 2. HP: 12/19 MP: 0/6
   336 | D:1      | Learned a level 2 spell: Call Imp
   741 | D:1      | Gained mutation: You are afflicted with vampirism and can
                  | become a bat while bloodless. [Vampire growth]
   741 | D:1      | Reached XP level 3. HP: 2/24 MP: 7/7
   801 | D:1      | Reached ** piety under Dithmenos
  1580 | D:2      | Reached skill level 1 in Fighting
  2028 | D:2      | Reached XP level 4. HP: 32/32 MP: 8/8
  2284 | D:3      | Noticed Ijyb
  2298 | D:3      | Killed Ijyb
  2409 | D:3      | Noticed a scorpion
  2433 | D:3      | Slain by a scorpion

Illustrated notes

Levels and vault maps discovered:
D:1:      nzn_arrival_depleted_hourglass, layout_loops_cross,
          shapermc_ecumenical_altar_ellora, serial_bayou_pond_b,
          minmay_heptomino_d4
D:2:      wad_lake_hut, layout_loops_ring, minmay_puff
D:3:      layout_basic, general_overflow_altar, nicolae_overflow_crystal_walls,
          serial_aquarium, aquarium_bridge_square [aquarium_subvault_wall,
          aquarium_subvault_bridge, aquarium_subvault_wall,
          aquarium_subvault_bridge], aquarium_bridge_square
          [aquarium_subvault_balcony, aquarium_subvault_bridge,
          aquarium_subvault_window, aquarium_subvault_window],
          aquarium_window_1, aquarium_window_1, aquarium_window_corridor_1,
          aquarium_window_2, aquarium_view_2f, aquarium_view_2g, uniq_ijyb

Skill      XL: |  1  2  3  4 |
---------------+-------------+-----
Summonings     | 2 3 |  3.0
Fighting       | 1 |  1.9
Dodging        | 3 |  3.4
Stealth        | |  3.0
Spellcasting   | |  3.0
Conjurations   | |  0.6
Translocations | |  0.7

Action                     |  1- 3 |  4- 6 || total
---------------------------+-------+-------++-------
  Melee: Dagger            |   132 |     1 ||   133
         Bite              |    14 |     1 ||    15
         Punch             |     1 |       ||     1
         Hand axe          |       |    26 ||    26
   Cast: Magic Dart        |    14 |       ||    14
         Call Imp          |     3 |       ||     3
   Stab: Sleeping          |    10 |     3 ||    13
         Distracted        |     1 |       ||     1
 Armour: Robe              |    20 |    10 ||    30
  Dodge: Dodged            |   108 |    25 ||   133
